 Dungeon Crawl Stone Soup version 0.27-a0-1456-gf5a116941d (webtiles) character file.

Game seed: 3082680254530342630

523 trckry the Firebug (level 7, -1/36 HPs)
             Began as a Deep Elf Fire Elementalist on July 7, 2021.
             Slain by Crazy Yiuf (10 damage)
             ... on level 3 of the Dungeon.
             The game lasted 00:08:38 (4263 turns).

trckry the Firebug (Deep Elf Fire Elementalist)     Turns: 4263, Time: 00:08:39

Health: -1/36      AC:  7    Str:  7    XL:     7   Next: 2%
Magic:  10/16      EV: 12    Int: 20    God:
Gold:   95         SH:  0    Dex: 15    Spells: 12/16 levels left

rFire    . . .     SeeInvis .   (no weapon)
rCold    . . .     Faith    .   (no shield)
rNeg     . . .     Spirit   .   a - +0 robe
rPois    .         Reflect  .   (no helmet)
rElec    .         Harm     .   (no cloak)
rCorr    .         Rampage  .   (no gloves)
Will     .....                  r - +0 pair of boots
Stlth    ++........             (no amulet)
HPRegen  0.12/turn              g - +4 ring of protection
MPRegen  0.15/turn              (no ring)

@: lethally poisoned (-1 -> -12)
A: no striking features
a: no special abilities


You were on level 3 of the Dungeon.
You visited 1 branch of the dungeon, and saw 3 of its levels.

You collected 95 gold pieces.

Inventory:

Missiles
 h - a throwing net
 o - 7 datura-tipped darts
 p - 11 poisoned darts
Armour
 a - a +0 robe (worn)
 r - a +0 pair of boots (worn)
Jewellery
 g - a +4 ring of protection (left hand)
Wands
 k - a wand of flame (14)
Scrolls
 c - 4 scrolls of identify {unknown}
 d - a scroll of teleportation {unknown}
 e - a scroll of immolation {unknown}
 m - a scroll of amnesia {unknown}
 n - a scroll of noise {unknown}
 q - a scroll of fog {unknown}
Potions
 b - 2 potions of brilliance {unknown}
 f - a potion of flight {unknown}
 i - 2 potions of curing {unknown}
 j - a potion of haste {unknown}
 l - 3 potions of lignification {unknown}


   Skills:
 - Level 2.4 Dodging
 - Level 2.4 Stealth
 - Level 5.0 Spellcasting
 * Level 5.2 Conjurations
 * Level 6.2 Fire Magic


You had 12 spell levels left.
You knew the following spells:

 Your Spells              Type           Power      Damage    Failure   Level
a - Foxfire               Conj/Fire      100%       2x1d9     1%          1
b - Conjure Flame         Conj/Fire      27%        6-21      3%          3

Your spell library contained the following spells:

 Spells                   Type           Power      Damage    Failure   Level
 Inner Flame              Hex/Fire       17%        N/A       10%         3
 Sticky Flame             Conj/Fire      27%        2d5       11%         4
 Animate Skeleton         Necr           10%        N/A       12%         1
 Apportation              Tloc           10%        N/A       12%         1
 Corona                   Hex            5%         N/A       12%         1
 Summon Small Mammal      Summ           20%        N/A       12%         1
 Fireball                 Conj/Fire      13%        3d7       30%         5


Dungeon Overview and Level Annotations

Branches:
Dungeon (3/15)

Altars:

Annotations:
D:3 Crazy Yiuf


Message History

You see here a +0 pair of boots.
r - a +0 pair of boots You start putting on your armour.
You continue putting on your +0 pair of boots. x4
You finish putting on your +0 pair of boots.
l - 3 puce potions (gained 1)
You see here an adder corpse.
You see here 10 sling bullets.
Crazy Yiuf shouts!
Press: ? - help, v - describe, . - travel
Here: Crazy Yiuf, wielding a +4 quarterstaff of chaos and wearing a +0 cloak (fire blocked by a runed translucent door)
The floor.
Unknown command.
Unknown command.
This spell is dangerous to cast!
Memorise Conjure Flame, consuming 3 spell levels and leaving 12?
You start memorising the spell.
You continue memorising.
Crazy Yiuf yells, "Paint agre disdain!"
You continue memorising. x2
You finish memorising.
Spell assigned to 'b'.
Casting: Foxfire (safe; 1% risk of failure)
Confirm with . or Enter, or press ? or * to list all spells.
Okay, then.
Unknown command.
You open the door.
Crazy Yiuf yells, "Cholesterol!
Peeping blue return to song."
Casting: Foxfire (safe; 1% risk of failure)
Confirm with . or Enter, or press ? or * to list all spells.
The fire begins to smoulder!
Crazy Yiuf laughs, "Snoogle!
Paint tired Xom."
Crazy Yiuf hits you with a +4 quarterstaff of chaos!
You are poisoned.
You take 7 damage, and have 29/36 hp.
You now have 13/16 mp.
Casting: Conjure Flame (dangerous; 3% risk of failure)
Confirm with . or Enter, or press ? or * to list all spells.
The fire ignites!
You are engulfed in blazing flames.
* * * LOW HITPOINT WARNING * * *
You feel very sick.
Crazy Yiuf hits you with a +4 quarterstaff of chaos!
You die...

##......<.###....#
#.....##.# #....#
#########
###.#.##.# ♣....♣
#........ #.#.##.#
♣...♣♣ #.#######
#.#.##.# ♣♣.♣♣
####.#####
#.#.##.# ♣.♣♣
#......^.#
#......# ♣♣.♣
########.#
###....# ♣.♣♣ ♣.♣
####.# ♣♣@♣ ♣♣.♣♣
#.# #g# ♣P≈P♣ #.#
... ♣♣.♣♣ ###
#...# ♣♣♣♣P.♣♣
#..)# ##♣♣.PP≈≈≈♣♣
##### #...≈≈≈≈.≈≈.
#.♣♣≈≈♣≈≈≈♣♣
##♣♣♣♣♣P≈P♣♣
♣♣.P♣♣


You could see Crazy Yiuf.

Vanquished Creatures
  An ice beast (D:3)
  A necrophage (D:3)
  A hound (D:2)
  An orc priest (D:3)
  Jessica (D:2)
  Terence (D:3)
  Natasha (twice) (D:2)
  Robin (D:3)
  6 gnolls
  4 adders
  A worm (D:3)
  A dart slug (D:3)
  3 orcs (D:3)
  3 bats
  5 endoplasms
  A giant cockroach (D:1)
  15 goblins
  4 hobgoblins
  10 jackals
  5 kobolds
  4 quokkas
  7 ball pythons
  2 frilled lizards
  8 rats
88 creatures vanquished.

Vanquished Creatures (collateral kills)
  13 foxfires (D:3)
13 creatures vanquished.

Vanquished Creatures (others)
  353 foxfires
  32 plants (D:3)
385 creatures vanquished.

Grand Total: 486 creatures vanquished

Notes
Turn   | Place    | Note
-------+----------+-------------------------------------------
     0 | D:1      | trckry the Deep Elf Fire Elementalist began the quest for
                  | the Orb.
     0 | D:1      | Reached XP level 1. HP: 10/10 MP: 6/6
   424 | D:1      | Reached XP level 2. HP: 15/15 MP: 1/8
  1298 | D:2      | Reached XP level 3. HP: 19/19 MP: 2/9
  1443 | D:2      | Reached skill level 4 in Fire Magic
  1528 | D:2      | Noticed an eye of devastation
  1529 | D:2      | Found a faded altar of an unknown god.
  1534 | D:2      | Noticed a shining eye
  1540 | D:2      | Noticed a golden eye
  1769 | D:2      | Reached XP level 4. HP: 24/24 MP: 8/11
  1867 | D:2      | Noticed Natasha
  1871 | D:2      | Killed Natasha
  2136 | D:2      | Noticed Natasha
  2164 | D:2      | Killed Natasha
  2282 | D:2      | Reached XP level 5. HP: 28/28 MP: 11/13
  2464 | D:2      | Noticed a golden eye
  2469 | D:2      | Noticed Jessica
  2479 | D:2      | Killed Jessica
  2743 | D:3      | Noticed a necrophage
  2798 | D:2      | Reached skill level 5 in Fire Magic
  2892 | D:3      | Found a runed translucent door.
  2893 | D:3      | Noticed Crazy Yiuf
  2948 | D:3      | Noticed an ice beast
  2955 | D:3      | Killed an ice beast
  2956 | D:3      | Reached XP level 6. HP: 32/32 MP: 10/14
  3127 | D:3      | Reached skill level 5 in Spellcasting
  3135 | D:3      | Noticed Robin
  3146 | D:3      | Killed Robin
  3568 | D:3      | Noticed Terence
  3581 | D:3      | Killed Terence
  3582 | D:3      | Reached skill level 5 in Conjurations
  3582 | D:3      | Reached skill level 6 in Fire Magic
  3732 | D:3      | Reached XP level 7. HP: 36/36 MP: 6/16
  4261 | D:3      | Learned a level 3 spell: Conjure Flame
  4263 | D:3      | Slain by Crazy Yiuf

Illustrated notes

Levels and vault maps discovered:
D:1:      eino_arrival_tree_alley, layout_rooms, minmay_misc_feat_rows
D:2:      layout_loops_cross, hellmonk_ecumenical_altar_watching_god,
          kennysheep_generic_room_6, uniq_jessica, uniq_natasha
D:3:      layout_loops_ring, serial_bayou, serial_bayou_lake_a,
          serial_bayou_crossing, serial_bayou_ford_a, serial_bayou_lagoon_a,
          uniq_robin, uniq_terence, uniq_crazy_yiuf_cottage

Skill      XL: |  1  2  3  4  5  6 |
---------------+-------------------+-----
Conjurations   | 2 3 4 5 |  5.2
Fire Magic     | 4 5 6 |  6.2
Spellcasting   | 4 5 |  5.0
Dodging        | |  2.4
Stealth        | |  2.4

Action                   |  1- 3 |  4- 6 |  7- 9 || total
-------------------------+-------+-------+-------++-------
Melee: Dagger            |     4 |       |       ||     4
 Cast: Foxfire           |   100 |   122 |     4 ||   226
       Conjure Flame     |       |       |     2 ||     2
Armor: Robe              |     2 |     5 |       ||     7
Dodge: Dodged            |    12 |    11 |       ||    23

Table legend: (Time is in decaauts)
 A = Elapsed time spent in this place.
 B = Non-inter-level travel time spent in this place.
 C = Inter-level travel time spent in this place.
 D = Time resting spent in this place.
 E = Time spent auto-exploring this place.
 F = Levels seen in this place.
 G = Mean time per level.
                   A        B        C        D        E       F      G
               +--------+--------+--------+--------+--------+-----+--------+
         Total |   4322 |   4052 |    270 |     54 |   3424 |   3 | 1440.7 |
       Dungeon |   4322 |   4052 |    270 |     54 |   3424 |   3 | 1440.7 |
               +--------+--------+--------+--------+--------+-----+--------+

Top non-repeatable levels by time:
     D:2: 1644 daAuts
     D:3: 1481 daAuts
     D:1: 1197 daAuts
